 Dungeon Crawl Stone Soup version 0.29-a0-206-g4a66f2e2b5 (webtiles) character file.

Game seed: 4151433185324339198

1316 esteth the Archer (level 8, -5/44 HPs)
             Began as a Gargoyle Hunter on Feb 23, 2022.
             Slain by a manticore (10 damage)
             ... on level 6 of the Dungeon.
             The game lasted 00:08:51 (4290 turns).

esteth the Archer (Gargoyle Hunter)                 Turns: 4290, Time: 00:08:52

Health: -5/44      AC: 11    Str: 16    XL:     8   Next: 59%
Magic:  8/8        EV: 11    Int: 12    God:
Gold:   288        SH:  0    Dex: 12    Spells: 7/7 levels left

rFire   + . .      SeeInvis +   a - +2 shortbow
rCold   + . .      Faith    .   (shield currently unavailable)
rNeg    + . .      Spirit   .   b - +1 leather armour
rPois   ∞          Reflect  .   j - +0 helmet
rElec   +          Harm     .   (no cloak)
rCorr   .          Rampage  .   s - +0 pair of gloves
Will    .....                   (no boots)
Stlth   +.........              M - amulet of Pride {Acrobat rC+ Regen+ SInv}
HPRegen 0.94/turn               F - ring of protection from fire
MPRegen 0.11/turn               L - ring of flight

@: spiked, flying
A: sickness immunity, AC +5, negative energy resistance 1, electricity
resistance, torment resistance 1, petrification resistance
a: no special abilities


You were on level 6 of the Dungeon.
You visited 1 branch of the dungeon, and saw 6 of its levels.
You also visited: Sewer.

You collected 288 gold pieces.


Innate Abilities, Weirdness & Mutations

You are immune to sickness and miasma.
Your stone body is resilient. (AC +5)
You are immune to poison.
You resist negative energy. (rN+)
You are resistant to electric shocks. (rElec)
You are resistant to unholy torment.
You are immune to petrification.


   Skills:
 - Level 2.1 Fighting
 + Level 11.0 Bows
 - Level 1.5 Dodging
 - Level 1.1 Stealth


You had 7 spell levels left.
You didn't know any spells.
Your spell library contained the following spells:

 Spells                   Type           Power      Damage    Failure   Level
 Animate Skeleton         Necr           0%         N/A       38%         1
 Apportation              Tloc           0%         N/A       38%         1
 Sandblast                Erth           0%         2d4       38%         1
 Summon Small Mammal      Summ           0%         N/A       38%         1
 Passwall                 Tmut/Erth      0%         N/A       52%         2
 Inner Flame              Hex/Fire       0%         N/A       77%         3
 Stone Arrow              Conj/Erth      0%         3d7       77%         3
 Cause Fear               Hex            0%         N/A       99%         4
 Discord                  Hex            0%         N/A       100%        8

Inventory:

Hand Weapons
 a - a +2 shortbow (weapon)
 G - the +8 falchion of Megalomania {freeze, rC+ rN++ Str+4}
   (You found it on level 5 of the Dungeon)

   It freezes those it strikes, dealing additional cold damage.
   It can also slow down cold-blooded creatures.
   Str:       It affects your strength (+4).
   rC:        It protects you from cold.
   rN:        It greatly protects you from negative energy.
Missiles
 d - 8 poisoned darts
 e - 4 atropa-tipped darts
 f - 107 stones
 E - 3 boomerangs
Armour
 b - a +1 leather armour (worn)
 g - a +0 leather armour
   (You took it off an orc on level 3 of the Dungeon)
 j - a +0 helmet (worn)
   (You found it on level 1 of the Dungeon)
 s - a +0 pair of gloves (worn)
   (You found it on level 2 of the Dungeon)
 u - a +0 leather armour
   (You found it on level 5 of the Dungeon)
Magical Staves
 c - a staff of cold {!a}
   (You took it off a hobgoblin on level 2 of the Dungeon)
Jewellery
 F - a ring of protection from fire (left hand)
   (You found it on level 2 of the Dungeon)
 I - a +6 ring of intelligence
   (You found it on level 4 of the Dungeon)
 L - a ring of flight (right hand)
   (You found it on level 5 of the Dungeon)
 M - the amulet of Pride (around neck) {Acrobat rC+ Regen+ SInv}
   (You found it on level 5 of the Dungeon)

   [amulet of the acrobat]

   It increases your evasion while moving and waiting.
   rC:        It protects you from cold.
   SInv:      It lets you see invisible.
   Regen:     It increases your rate of health regeneration.
Wands
 w - a wand of polymorph (15)
   (You found it on level 4 of the Dungeon)
Scrolls
 i - a scroll of blinking {!r}
 k - 3 scrolls of teleportation {@r4}
 l - 4 scrolls of amnesia
 p - 2 scrolls of fear
 r - 3 scrolls of magic mapping {unknown}
 x - 2 scrolls of enchant armour
 y - 2 scrolls of fog
 B - a scroll of immolation {!r!r}
 J - 2 scrolls of identify {@r1}
Potions
 h - 4 potions of haste {unknown}
 m - a potion of heal wounds {@q2}
 n - a potion of flight
 o - a potion of curing {@q1}
 q - a potion of invisibility {unknown}
 t - a potion of lignification {unknown}
 z - a potion of mutation {unknown}

Dungeon Overview and Level Annotations

Branches:
Dungeon (6/15)              Sewer (visited)
 Temple: D:4-7

Altars:
Elyvilon
Kikubaaqudgha

#..... #....# ####....#
#.........####### ...
......#..... ..###........
.........#.####.
..#.....@.......
.........H...###.
####.#..###.......###.<#
........................ ...
...####...#..###..# #
##.###.#.#####...#..# #..#.#
....................###..#.##
##.##..#.##.................
.# ######.....###..######


You could see a manticore.


Message History

(D) Dungeon
Where to? (Enter - D:5, ? - help)
What level of the Dungeon? (default 1, ? - help)
There is a stone staircase leading down here.
You fly downwards.
There is a stone staircase leading up here.
A manticore is nearby!
As you read the scroll of teleportation {@r4}, it crumbles to dust.
You feel strangely unstable. The manticore bites you.
The manticore claws you but does no damage. x2 😕 HP[-2]
You take 2 damage, and now have 42/44 hp. 😕 HP[+1]
Your surroundings suddenly seem different.
You now have 288 gold pieces (gained 8).
Found a stone staircase leading down and a stone staircase leading up. 😎 HP[+1]
Your hp is fully restored (44).
d - 8 poisoned darts (gained 2)
J - 2 scrolls of identify {@r1} (gained 1)
k - 3 scrolls of teleportation {@r4} (gained 1)
You shoot an arrow. The arrow barely misses the manticore.
You shoot an arrow. The arrow hits the manticore.
The manticore flicks its tail.
The volley of spikes hits you!
The barbed spikes become lodged in your body. 😕 HP[-9]
You take 9 damage, and now have 35/44 hp.
MASSIVE DAMAGE!! (PAUSE)
You shoot an arrow. The arrow hits the manticore.
The manticore flicks its tail.
The volley of spikes hits you but does no damage. 😕 HP[+1]
You shoot an arrow. The arrow hits the manticore. 😕 HP[+1]
You shoot an arrow. The arrow hits the manticore.
The manticore flicks its tail.
The volley of spikes hits you!
The barbed spikes become lodged in your body. 😮 HP[-8]
You take 8 damage, and now have 29/44 hp.
You are too injured to fight recklessly!
Unknown command.
Shoot: a) +2 shortbow
Press: ? - help, Q - select action, (/) - cycle Shift-Dir - straight line, f/p - manticore
Aim: a manticore (moderately wounded, 76% to hit)
You shoot an arrow.
The arrow closely misses the manticore. 😮 HP[+1] Shoot: a) +2 shortbow
Press: ? - help, Q - select action, (/) - cycle Shift-Dir - straight line, f/p - manticore
Aim: a manticore (moderately wounded, 76% to hit)
You shoot an arrow.
The arrow hits the manticore but does no damage. 😮 HP[+1] Shoot: a) +2 shortbow
Press: ? - help, Q - select action, (/) - cycle Shift-Dir - straight line, f/p - manticore
Aim: a manticore (moderately wounded, 76% to hit)
You shoot an arrow. The arrow hits the manticore.
The manticore bites you!
The manticore claws you but does no damage.
The manticore barely misses you. 😮 HP[-7]
You take 7 damage, and now have 24/44 hp.
Shoot: a) +2 shortbow
Press: ? - help, Q - select action, (/) - cycle Shift-Dir - straight line, f/p - manticore
Aim: a manticore (moderately wounded, 76% to hit)
You shoot an arrow. The arrow hits the manticore.
The manticore bites you but does no damage.
The manticore claws you but does no damage.
The manticore claws you. 😮 HP[-1]
You take 1 damage, and now have 23/44 hp.
Shoot: a) +2 shortbow
Press: ? - help, Q - select action, (/) - cycle Shift-Dir - straight line, f/p - manticore
Aim: a manticore (heavily wounded, 76% to hit)
You shoot an arrow.
The arrow hits the manticore but does no damage.
The manticore bites you but does no damage.
The manticore claws you but does no damage.
The manticore claws you.
* * * LOW HITPOINT WARNING * * *
😨 HP[-1]
You take 1 damage, and now have 22/44 hp.
Shoot: a) +2 shortbow
Press: ? - help, Q - select action, (/) - cycle Shift-Dir - straight line, f/p - manticore
Aim: a manticore (heavily wounded, 76% to hit)
You shoot an arrow. The arrow barely misses the manticore.
The manticore bites you but does no damage.
The manticore misses you.
The manticore completely misses you. 😮 HP[+1] Shoot: a) +2 shortbow
Press: ? - help, Q - select action, (/) - cycle Shift-Dir - straight line, f/p - manticore
Aim: a manticore (heavily wounded, 76% to hit)
You shoot an arrow.
The arrow hits the manticore but does no damage.
The manticore bites you!!
* * * LOW HITPOINT WARNING * * *
The manticore claws you!
You die...

Skill      XL: |  1  2  3  4  5  6  7  8 |
---------------+-------------------------+-----
Bows           | 5 6 7 8 9 11 | 11.0
Fighting       | |  2.1
Dodging        | |  1.5
Stealth        | |  1.1

Action                   |  1- 3 |  4- 6 |  7- 9 || total
-------------------------+-------+-------+-------++-------
 Fire: Shortbow          |   104 |   151 |   182 ||   437
  Use: Scroll            |     4 |     4 |     5 ||    13
       Potion            |       |       |     2 ||     2
Armor: Leather armour    |    25 |    22 |    47 ||    94
Dodge: Dodged            |    34 |    45 |    53 ||   132

Levels and vault maps discovered:
D:1:      heliophobic_arrival_enchanted_forest, layout_loops_ring, serial_glass,
          glass_columns_b, glass_columns_a, due_unseen_surprise,
          minmay_strange_pillars, item_on_display_a
D:2:      layout_rooms, basic_altar
D:3:      layout_rooms, ebering_ecumenical_altar_rust
D:4:      minmay_evil_eye, layout_basic, elyvilon_altar_3,
          cheibrodos_sewer_entry_drain
D:5:      minmay_octagon_keep, layout_basic, moated_statue
D:6:      layout_basic

Notes
Turn   | Place    | Note
-------+----------+-------------------------------------------
     0 | D:1      | esteth the Gargoyle Hunter began the quest for the Orb.
     0 | D:1      | Reached XP level 1. HP: 12/12 MP: 1/1
     0 | D:1      | magus.rc [v1.11.3]
    61 | D:1      | Reached XP level 2. HP: 17/17 MP: 2/2
   392 | D:1      | Reached XP level 3. HP: 21/21 MP: 3/3
   470 | D:1      | Reached skill level 5 in Bows
  1065 | D:2      | You pick up a book of Geomancy and begin reading...
  1065 | D:2      | You add the spells Sandblast, Passwall and Stone Arrow to
                  | your library.
  1072 | D:2      | Reached XP level 4. HP: 26/26 MP: 4/4
  1311 | D:2      | Found an ancient bone altar of Kikubaaqudgha.
  1668 | D:3      | Found a faded altar of an unknown god.
  1774 | D:3      | Reached skill level 6 in Bows
  1774 | D:3      | Reached XP level 5. HP: 29/30 MP: 5/5
  1954 | D:4      | Noticed a necrophage
  1976 | D:4      | Killed a necrophage
  1977 | D:4      | Reached skill level 7 in Bows
  1977 | D:4      | Reached XP level 6. HP: 24/35 MP: 6/6
  2180 | D:4      | Reached skill level 8 in Bows
  2212 | D:4      | Found a white marble altar of Elyvilon.
  2323 | D:4      | Found a glowing drain.
  2333 | Sewer    | Entered a sewer
  2377 | Sewer    | Reached XP level 7. HP: 21/40 MP: 7/7
  2864 | D:4      | You pick up a book of Hexes and begin reading...
  2864 | D:4      | You add the spells Inner Flame, Cause Fear and Discord to
                  | your library.
  3130 | D:5      | Entered Level 5 of the Dungeon
  3371 | D:5      | Reached skill level 9 in Bows
  3595 | D:5      | Reached XP level 8. HP: 22/44 MP: 8/8
  3598 | D:5      | HP: 10/44 [phantom (8)]
  3599 | D:5      | HP: 2/44 [phantom (8)]
  3613 | D:5      | Reached skill level 10 in Bows
  3616 | D:5      | Identified the +8 falchion of Megalomania {freeze, rC+ rN++
                  | Str+4}
  3842 | D:5      | You pick up a book of Cantrips and begin reading...
  3842 | D:5      | You add the spells Animate Skeleton, Summon Small Mammal
                  | and Apportation to your library.
  4034 | D:5      | Reached skill level 11 in Bows
  4072 | D:5      | Identified the amulet of Pride {Acrobat rC+ Regen+ SInv}
  4228 | D:6      | Noticed a manticore
  4290 | D:6      | HP: 5/44 [manticore (19)]
  4290 | D:6      | Slain by a manticore

Vanquished Creatures
  3 necrophages
  An ogre (D:4)
  A black bear (D:5)
  2 phantoms (D:5)
  A gnoll sergeant (D:5)
  A scorpion (D:5)
  A water moccasin zombie (D:5)
  A killer bee (D:5)
  A water moccasin skeleton (D:5)
  A howler monkey (D:3)
  A jelly (D:4)
  A hound (D:5)
  A centaur skeleton (D:5)
  An orc priest (D:4)
  A scorpion zombie (D:5)
  3 iguanas
  An orc wizard (D:4)
  A hell rat (Sewer)
  A howler monkey skeleton (D:5)
  4 adders
  A river rat (Sewer)
  An ufetubus (D:5)
  2 worms (D:4)
  A dart slug (D:1)
  15 orcs
  8 ball pythons
  7 bats
  7 endoplasms
  2 giant cockroaches (D:1)
  8 goblins
  5 hobgoblins
  3 jackals (D:1)
  7 kobolds
  4 quokkas
  5 frilled lizards
  10 rats
114 creatures vanquished.

Table legend:
 A = Non-vault XP
 B = Vault XP
 C = Vault XP percentage of total XP
 D = Non-vault monster count
 E = Vault monster count
 F = Vault count percentage of total count
                 A         B        C        D         E       F
            +---------+---------+-------+---------+---------+-------
      Total |    1203 |     678 |  36.0 |      92 |      22 |  19.3
            +---------+---------+-------+---------+---------+-------
        D:1 |      54 |       0 |   0.0 |      30 |       0 |   0.0
        D:2 |      43 |       0 |   0.0 |      18 |       0 |   0.0
        D:3 |      77 |       0 |   0.0 |      14 |       0 |   0.0
        D:4 |     315 |     148 |  32.0 |      18 |       4 |  18.2
        D:5 |     714 |     478 |  40.1 |      12 |      10 |  45.5
      Sewer |       0 |      52 | 100.0 |       0 |       8 | 100.0
            +---------+---------+-------+---------+---------+-------

Illustrated notes

Table legend:
 A = Kills in this place as a percentage of kills in entire the game.
 B = Kills by you in this place as a percentage of kills by you in the entire game.
 C = Kills by friends in this place as a percentage of kills by friends in the entire game.
 D = Other kills in this place as a percentage of other kills in the entire game.
 E = Experience gained in this place as a percentage of experience gained in the entire game.
 F = Experience gained in this place divided by the number of levels of this place that you have seen.
                   A       B       C       D       E      F
               +-------+-------+-------+-------+-------+----------------------
         Total | 100.0 | 100.0 |   N/A |   N/A | 100.0 | 268.7
       Dungeon |  93.0 |  93.0 |   N/A |   N/A |  97.2 | 304.8
         Sewer |   7.0 |   7.0 |   N/A |   N/A |   2.8 |  52.0
               +-------+-------+-------+-------+-------+----------------------

Table legend: (Time is in decaauts)
 A = Elapsed time spent in this place.
 B = Non-inter-level travel time spent in this place.
 C = Inter-level travel time spent in this place.
 D = Time resting spent in this place.
 E = Time spent auto-exploring this place.
 F = Levels seen in this place.
 G = Mean time per level.
                   A        B        C        D        E       F      G
               +--------+--------+--------+--------+--------+-----+--------+
         Total |   4374 |   4296 |     78 |    147 |   3305 |   7 |  624.9 |
       Dungeon |   4133 |   4055 |     78 |    147 |   3111 |   6 |  688.8 |
         Sewer |    240 |    240 |      0 |      0 |    193 |   1 |  240.0 |
               +--------+--------+--------+--------+--------+-----+--------+

Top non-repeatable levels by time:
     D:5: 1104 daAuts
     D:4: 1035 daAuts
     D:1: 882 daAuts
     D:2: 532 daAuts
     D:3: 516 daAuts
   Sewer: 240 daAuts
     D:6: 61 daAuts
